 Dungeon Crawl Stone Soup version 0.29.0-10-g45618ea6d2 (webtiles) character file.

Game seed: 4494565632085580403

219828 Flugkiller the Warrior (level 18, -17/121 HPs)
             Began as a Minotaur Fighter on Sept 1, 2022.
             Was the Champion of Okawaru.
             Killed from afar by a starcursed mass (20 damage)
             ... with an accursed screaming
             ... on level 4 of the Abyss.
             The game lasted 00:18:13 (28679 turns).

Flugkiller the Warrior (Minotaur Fighter)          Turns: 28679, Time: 00:18:14

Health: -17/121    AC: 44    Str: 28    XL:     18   Next: 2%
Magic:  19/20      EV: 18    Int: -2 (-1) God:    Okawaru [******]
Gold:   2080       SH: 11    Dex: 16    Spells: 17/17 levels left

rFire   + . .      SeeInvis .   a - +9 broad axe "Viydenku" {drain, Str+3}
rCold   . . .      Faith    .   f - +2 buckler {AC+3}
rNeg    + . .      Spirit   .   J - +4 plate armour {rF+}
rPois   .          Reflect  .   K - +1 hat {Stlth+}
rElec   +          Harm     .   S - +2 cloak
rCorr   .          Rampage  .   M - +2 pair of gloves of the Kettle-Drum {Fly rElec Str+3 Int-4}
Will    +....                   y - +1 pair of boots
Stlth   ..........              R - amulet of regeneration
HPRegen 1.10/turn               j - +4 ring of slaying
MPRegen 0.17/turn               L - ring of Unkom {rN+ AC+4 Dex+5 Stlth-}

@: heroic, finesse-ful, flying, slowed, lost intelligence, unable to read,
unable to drink, very slow
A: horns 2, retaliatory headbutt, [clumsy 2], [deterioration 2], [dopey 2],
[frail 3], [low MP 2], [no potion heal 2], [inability to drink after injury 2],
[inability to read after injury 2]
}: 2/15 runes: barnacled, gossamer
a: Renounce Religion, Heroism, Finesse, Duel


You were on level 4 of the Abyss.
You worshipped Okawaru.
Okawaru was exalted by your worship.
You visited 6 branches of the dungeon, and saw 31 of its levels.
You visited the Abyss 1 time.
You also visited: Bailey and Volcano.

You collected 2956 gold pieces.
You spent 876 gold pieces at shops.

Inventory:

Hand Weapons
 a - the +9 broad axe "Viydenku" (weapon) {drain, Str+3}
   (You acquired it on level 5 of the Lair of Beasts)

   A truly terrible weapon, it drains the life of any living foe it strikes.
   Str:       It affects your strength (+3).
 b - a +2 war axe of distortion
   (You took it off Maggie on level 9 of the Dungeon)
 E - a +3 broad axe of venom
   (You took it off a vault guard in a bailey)
Missiles
 D - 36 boomerangs (quivered)
 I - 2 silver boomerangs
 T - 5 boomerangs of dispersal
 W - 5 silver javelins
Armour
 f - a +2 buckler of protection (worn)
   (You bought it in a shop on level 8 of the Dungeon)
 y - a +1 pair of boots (worn)
   (You found it on level 9 of the Dungeon)
 J - a +4 plate armour of fire resistance (worn)
   (You bought it in a shop on level 8 of the Dungeon)
 K - a +1 hat of stealth (worn)
   (Okawaru gifted it to you on level 5 of the Lair of Beasts)
 M - the +2 pair of gloves of the Kettle-Drum (worn) {Fly rElec Str+3 Int-4}
   (Okawaru gifted it to you on level 1 of the Lair of Beasts)

   Str:       It affects your strength (+3).
   Int:       It affects your intelligence (-4).
   rElec:     It insulates you from electricity.
   Fly:       It grants you flight.
 O - a +1 crystal plate armour
   (You took it off Donald on level 1 of the Spider Nest)
 P - a +0 kite shield of reflection
   (You took it off Donald on level 1 of the Spider Nest)
 S - a +2 cloak (worn)
   (You took it off Crazy Yiuf on level 3 of the Dungeon)
Jewellery
 i - a ring of see invisible
   (You found it on level 14 of the Dungeon)
 j - a +4 ring of slaying (left hand)
   (You found it on level 1 of the Dungeon)
 o - a ring of poison resistance
   (You found it on level 5 of the Lair of Beasts)
 v - a +4 ring of evasion
   (You found it on level 2 of the Shoals)
 L - the ring of Unkom (right hand) {rN+ AC+4 Dex+5 Stlth-}
   (You found it on level 5 of the Lair of Beasts)

   [ring of protection]

   AC:        It affects your AC (+4).
   Dex:       It affects your dexterity (+5).
   rN:        It protects you from negative energy.
   Stlth:     It makes you less stealthy.
 Q - a ring of ice
   (You found it on level 3 of the Spider Nest)
 R - an amulet of regeneration (around neck)
   (You found it on level 4 of the Spider Nest)
 U - a ring of magical power
   (You found it on level 3 of the Shoals)
Wands
 m - a wand of mindburst (35)
   (You found it on level 6 of the Dungeon)
 p - a wand of iceblast (4)
   (You found it on level 10 of the Dungeon)
 B - a wand of acid (2)
   (You took it off Maggie on level 9 of the Dungeon)
Scrolls
 k - 4 scrolls of enchant armour
 l - a scroll of magic mapping
 r - 11 scrolls of identify
 t - 10 scrolls of teleportation
 z - 3 scrolls of blinking
 A - 2 scrolls of fear
 G - a scroll of silence
 N - 2 scrolls of vulnerability
 V - 4 scrolls of immolation
Potions
 c - 2 potions of magic
 d - 2 potions of might
 e - 6 potions of mutation
 g - a potion of invisibility {unknown}
 h - 3 potions of haste
 n - 3 potions of resistance
 q - 17 potions of curing
 s - 4 potions of berserk rage
 u - 2 potions of cancellation
 w - 17 potions of heal wounds
 x - 8 potions of lignification
 H - 15 potions of ambrosia
Miscellaneous
 C - a tin of tremorstones (2/2)
   (You found it on level 3 of the Shoals)
 F - a condenser vane
   (You found it on level 5 of the Lair of Beasts)


   Skills:
 + Level 18.8(23.8) Fighting
 - Level 18.0(23.0) Axes
 + Level 18.8(23.8) Armour
 + Level 15.2(20.2) Dodging
 + Level 13.4(18.4) Shields
 - Level 11.0 Invocations


You had 17 spell levels left.
You didn't know any spells.
Your spell library was empty.

Dungeon Overview and Level Annotations

Branches:
Dungeon (15/15)            Temple (1/1) D:4            Lair (5/5) D:10
 Shoals (4/4) Lair:3       Spider (4/4) Lair:2        Slime (0/5) Lair:5
    Orc (2/2) D:12            Elf (0/3) Orc:2        Vaults (0/5) D:13
 Depths (0/4) D:15         Bailey (visited)         Volcano (visited)

Altars:
Ashenzari
Cheibriados
Dithmenos
Elyvilon
Fedhas
Gozag
Hepliaklqana
Kikubaaqudgha
Makhleb
Nemelex Xobeh
Okawaru
Qazlal
Ru
Sif Muna
Trog
Uskayaw
Vehumet
Wu Jian
Xom
Yredelemnul
Zin
The Shining One
Lugonu

Shops:
D:8 :([   D:9 ?   Orc:2 **=(:

Portals:
Abyss: Lair:5
Pandemonium: Orc:2

Annotations:
D:5 1 runed translucent door, nmsoi's ghost, novice GnIE
Lair:3 exclusion: oklob plant


Innate Abilities, Weirdness & Mutations

You have a pair of horns on your head.
You reflexively headbutt those who attack you in melee.
[You are very clumsy. (Dex -4)]
[Your body often deteriorates upon taking damage.]
[You are very dopey. (Int -4)]
[You are extremely frail. (-30% HP)]
[Your magical capacity is very low. (-20% MP)]
[Potions cannot restore your health.]
[You sometimes lose the ability to drink potions when taking damage.]
[You sometimes lose the ability to read scrolls when taking damage.]


Message History

You destroy the starspawn tentacle!
You hit the wretched star.
You destroy the wretched star!
The wretched star shimmers and vanishes!
You hit the wretched star.
You open the tentacled starspawn like a pillowcase!!!
You destroy the tentacled starspawn!
Okawaru accepts your kill.
The large abomination is engulfed in a cloud of scalding steam.
The wretched star glows turbulently.
The lance of force misses you.
You barely miss the large abomination.
The large abomination is moderately damaged.
You slash the wretched star! x2
You slice the wretched star!! Your headbutt misses the wretched star.
The wretched star is almost destroyed.
You slash the large abomination! You slice the wretched star!!
A cacophony of accursed wailing tears at your sanity!
You suddenly lose the ability to move!
A starcursed mass splits. x2
The wretched star pulses with an eldritch light!
You feel stupid. x2
You have lost your intelligence.
The large abomination barely misses you.
A starcursed mass splits.
The wretched star glows turbulently.
The lance of force hits you!
You are knocked back by the lance of force.
You collide with the large abomination!
The large abomination is severely damaged.
A cacophony of accursed wailing tears at your sanity!
You shrug off the repeated paralysis!
The starspawn tentacle grabs you. The starspawn tentacle constricts you.
The wretched star pulses with an eldritch light!
You occasionally lose the ability to drink potions when taking damage.
You lose the ability to drink potions when taking damage more often.
The tentacled starspawn bites you!
You feel threatened and lose the ability to drink potions!
The tentacled starspawn tentacle-slaps you but does no damage.
A starcursed mass splits.
A cacophony of accursed wailing tears at your sanity!
You feel threatened and lose the ability to read scrolls!
* * * LOW HITPOINT WARNING * * *
A starcursed mass splits.
The large abomination is engulfed in a cloud of scalding steam.
The large abomination hits you but does no damage.
The starspawn tentacle constricts you.
* * * LOW HITPOINT WARNING * * *
The wretched star pulses with an eldritch light!
You feel yourself wasting away.
You feel your body start to fall apart.
A tentacle flies out from the starspawn's body!
A cacophony of accursed wailing tears at your sanity!
* * * LOW HITPOINT WARNING * * *
Your body deteriorates!
You feel dopey.
You shrug off the repeated paralysis!
The rakshasa weaves an illusion.
A starspawn tentacle comes into view.
The starspawn tentacle constricts you.
The wretched star pulses with an eldritch light!
Your system partially rejects the healing effects of potions.
Your system completely rejects the healing effects of potions.
You feel clumsy. x2
The large abomination hits you but does no damage.
The tentacled starspawn bites you but does no damage.
The tentacled starspawn tentacle-slaps you.
* * * LOW HITPOINT WARNING * * *
The starcursed mass touches you but does no damage.
A cacophony of accursed wailing tears at your sanity!
* * * LOW HITPOINT WARNING * * *
You can move again.
Unknown command.
You slash the wretched star! Your headbutt misses the wretched star.
The wretched star is severely damaged.
You slash the wretched star! You slash the tentacled starspawn!
The starspawn tentacle loses its grip on you.
You slice the starspawn tentacle!!
You destroy the starspawn tentacle!
You slash the large abomination!
You destroy the large abomination!
Okawaru accepts your kill.
You slash the starcursed mass!
You destroy the starcursed mass!
The starcursed mass shimmers and vanishes!
The wretched star glows turbulently.
The lance of force hits you but does no damage.
The wretched star pulses with an eldritch light!
You feel frail.
Unknown command.
You cannot drink potions in your current state!
Unknown command.
You hit the wretched star.
The wretched star is almost destroyed.
You slice the tentacled starspawn!! You slice the wretched star!!
The tentacled starspawn completely misses you.
You block the tentacled starspawn's attack.
A starcursed mass splits.
The rakshasa weaves an illusion.
The starcursed mass shimmers and seems to become two!
A starcursed mass splits.
A cacophony of accursed wailing tears at your sanity!
You die... ..##.# .## ..#...# ..# ...X..X ..# #.XXXX

..## ...
.XXXX#.X.#...#
XXXXX..#.. #
#X#*XwX##...
#R*@###⌠##.##
#....*#'∩..... ..
###.###.~..~...~.
# ⌠~.~~~.~.≈
##.~~~~~~~~ ≈ #
...~≈≈~. .
#~~...≈##### ...#
~...~##~ ## . .
~#~ ~~


You could see 18 starcursed masses, a tentacled starspawn, 3 wretched stars, a
rakshasa and a starspawn tentacle.

Vanquished Creatures
  Nikola (Shoals:4)
  Mlioglotl (Shoals:3)
  Polyphemus (Shoals:2)
  A tentacled starspawn (Abyss:4)
  Agnes (D:15)
  Donald (Spider:1)
  Kirke (Shoals:2)
  6 emperor scorpions
  4 ghost moths (Spider:4)
  A broodmother (Spider:4)
  3 entropy weavers
  5 spark wasps
  7 merfolk javelineers (Shoals:4)
  Josephine (Spider:1)
  6 merfolk impalers
  2 vault guards (Bailey)
  Fannar (D:11)
  A quicksilver dragon skeleton (D:15)
  9 hydras
  2 demonspawn (Orc:2)
  A jorogumo (Spider:4)
  5 centaur warriors
  3 boulder beetles (D:13)
  4 merfolk avatars
  2 alligator snapping turtles (Shoals:4)
  A catoblepas (Shoals:2)
  3 two-headed ogres
  A radroach (Spider:4)
  2 merfolk aquamancers (Shoals:4)
  6 death yaks
  A death scarab (Spider:4)
  A satyr (Shoals:3)
  3 thrashing horrors (Lair:5)
  7 orc high priests (Orc:2)
  2 sun demons (Orc:2)
  Urug (D:13)
  6 pharaoh ants
  13 skeletal warriors
  6 steelbarb worms
  A flayed ghost (D:15)
  A spark wasp zombie (D:15)
  6 sea snakes
  8 orb spiders
  A glowing orange brain (shapeshifter) (Lair:5)
  7 orc knights
  3 large abominations (Abyss:4)
  12 fauns
  4 harpies
  A necromancer (D:15)
  3 lindwurms
  Pikel (D:5)
  20 ugly things
  6 orc sorcerers
  11 wolf spiders
  8 manticores
  A sphinx zombie (D:15)
  2 moths of wrath (Spider:3)
  7 cyclopes
  A toenail golem (Volcano)
  2 water nymphs (Shoals:1)
  5 merfolk sirens
  3 smoke demons
  Maggie (D:9)
  4 black mambas (Lair:1)
  A frost giant skeleton (D:15)
  2 molten gargoyles (Volcano)
  5 torpor snails
  3 unseen horrors
  21 cane toads
  5 kobold demonologists
  5 rime drakes
  9 komodo dragons
  Psyche (D:11)
  An unseen horror zombie (D:10)
  12 demonic crawlers
  An ancient zyme (Lair:5)
  8 wind drakes
  15 merfolk
  A queen bee (Lair:2)
  4 trolls
  2 hornets
  18 tarantellas
  Grinder (D:5)
  A polar bear (Lair:5)
  Prince Ribbit (D:7)
  22 dream sheep
  8 snapping turtles
  29 blink frogs
  21 culicivoras
  11 jumping spiders
  A centaur simulacrum (D:15)
  3 vampires
  5 wraiths
  2 spriggans (Lair:5)
  A yak (shapeshifter) (Lair:5)
  A chaos spawn (Orc:2)
  A ynoxinul (Lair:5)
  4 shadows
  10 basilisks
  A wyvern (Lair:5)
  9 water elementals
  39 yaks
  7 hogs (Shoals:2)
  20 humans
  48 redbacks
  A steam dragon (D:8)
  Edmund (D:4)
  4 vampire mosquitoes
  2 wargs
  A swamp worm (shapeshifter) (Lair:5)
  10 water moccasins
  Duvessa (D:7)
  31 orc warriors
  7 black bears
  A sky beast (D:8)
  8 small abominations (Lair:5)
  17 wolves
  7 ogres
  A centaur (D:7)
  2 lemures (D:5)
  A phantom (D:5)
  5 kobold brigands
  20 bullfrogs
  2 earth elementals (Volcano)
  A necrophage (D:4)
  3 gnoll sergeants
  2 scorpions
  Dowan (D:7)
  31 killer bees
  6 howler monkeys
  9 electric eels
  3 centaur zombies (D:10)
  3 jellies
  Crazy Yiuf (D:3)
  2 hounds (D:6)
  28 orc priests
  A gnoll bouda (D:9)
  4 iguanas
  11 orc wizards
  14 hell rats
  21 gnolls
  5 adders
  A white imp (D:6)
  2 ufetubi
  4 worms
  4 dart slugs
  62 orcs
  4 ball pythons
  11 bats
  8 endoplasms
  3 giant cockroaches
  11 goblins
  3 hobgoblins
  4 jackals (D:2)
  A quokka (D:5)
  5 frilled lizards
  12 kobolds
  7 rats
  A bush (Lair:5)
  A butterfly (Lair:4)
  3 starspawn tentacles (Abyss:4)
1017 creatures vanquished.

Vanquished Creatures (others)
  A manticore (Shoals:4)
  A molten gargoyle (Volcano)
  A jumping spider (Spider:1)
  An orc (D:15)
  2 kobolds (D:8)
  17 fungi
  82 plants
  A starspawn tentacle (Abyss:4)
106 creatures vanquished.

Grand Total: 1123 creatures vanquished

Notes
Turn   | Place    | Note
-------+----------+-------------------------------------------
     0 | D:1      | Flugkiller the Minotaur Fighter began the quest for the
                  | Orb.
     0 | D:1      | Reached XP level 1. HP: 19/19 MP: 0/0
    61 | D:1      | Reached XP level 2. HP: 22/27 MP: 1/1
   349 | D:1      | Found a faded altar of an unknown god.
   575 | D:2      | Reached XP level 3. HP: 28/33 MP: 2/2
  1131 | D:2      | Reached XP level 4. HP: 33/41 MP: 3/3
  2213 | D:3      | Found a runed translucent door.
  2214 | D:3      | Noticed Crazy Yiuf
  2489 | D:3      | Killed Crazy Yiuf
  2490 | D:3      | Reached XP level 5. HP: 39/47 MP: 4/4
  2639 | D:4      | Reached skill level 5 in Fighting
  2639 | D:4      | Reached skill level 5 in Axes
  2685 | D:4      | Noticed Edmund
  2696 | D:4      | Killed Edmund
  2697 | D:4      | Reached skill level 5 in Armour
  2697 | D:4      | Reached XP level 6. HP: 53/56 MP: 5/5
  2872 | D:4      | Found a staircase to the Ecumenical Temple.
  2883 | Temple   | Entered the Ecumenical Temple
  3183 | Temple   | Became a worshipper of Warmaster Okawaru
  3357 | D:5      | Entered Level 5 of the Dungeon
  3512 | D:5      | Noticed Pikel
  3521 | D:5      | Killed Pikel
  3521 | D:5      | Reached * piety under Okawaru
  3522 | D:5      | Reached XP level 7. HP: 39/64 MP: 6/6
  3748 | D:5      | Reached XP level 8. HP: 68/71 MP: 7/7
  3849 | D:5      | Noticed Grinder
  3854 | D:5      | Killed Grinder
  3854 | D:5      | Reached ** piety under Okawaru
  4187 | D:4      | Found a sacrificial altar of Ru.
  4553 | D:5      | Found a runed translucent door.
  4555 | D:5      | Noticed nmsoi's ghost (novice GnIE)
  4969 | D:6      | Reached skill level 1 in Invocations
  6421 | D:7      | Found a shimmering blue altar of Sif Muna.
  6441 | D:7      | Found a flagged portal.
  6451 | Bailey   | Entered a bailey
  6457 | Bailey   | Reached *** piety under Okawaru
  6462 | Bailey   | Reached skill level 10 in Axes
  6462 | Bailey   | Reached XP level 9. HP: 75/80 MP: 9/9
  6814 | Bailey   | Noticed a vault guard
  6833 | Bailey   | Killed a vault guard
  6833 | Bailey   | Reached **** piety under Okawaru
  7055 | Bailey   | Noticed a vault guard
  7093 | Bailey   | Killed a vault guard
  7094 | Bailey   | Reached XP level 10. HP: 91/91 MP: 12/12
  7263 | Bailey   | Reached ***** piety under Okawaru
  7375 | D:7      | Noticed Prince Ribbit
  7402 | D:7      | Killed Prince Ribbit
  7522 | D:7      | Found a blossoming altar of Fedhas.
  7571 | D:7      | Reached skill level 5 in Invocations
  7909 | D:7      | Found a broken altar of Ashenzari.
  7911 | D:7      | Noticed Dowan
  7912 | D:7      | Noticed Duvessa
  7923 | D:7      | Killed Duvessa
  7925 | D:7      | Killed Dowan
  8477 | D:8      | Identified the +5 scale mail "Etacoi" {rPois Will+ Dex-2}
  8611 | D:8      | Found Kafa's Weapon Shoppe.
  8619 | D:8      | Found a snail-covered altar of Cheibriados.
  8662 | D:8      | Found Juzimon's Book Boutique.
  8784 | D:8      | Found Yciadayg's Armour Shop.
  8794 | D:8      | Bought a +2 buckler of protection for 236 gold pieces
  9102 | D:9      | Noticed Maggie
  9112 | D:9      | Killed Maggie
  9179 | D:9      | Identified the +1 falchion "Vaff" {antimagic, Fly rF+}
  9339 | D:9      | Found Kuenlots's Magic Scroll Shop.
  9358 | D:9      | Reached skill level 10 in Fighting
  9358 | D:9      | Reached skill level 10 in Armour
  9544 | D:9      | Bought a scroll of enchant weapon for 90 gold pieces
  9602 | D:9      | Reached skill level 1 in Dodging
  9671 | D:9      | Reached XP level 11. HP: 99/99 MP: 14/14
  9683 | D:9      | Identified the +0 ring mail of the Charred God {rF- rN++}
                  | (Okawaru gifted it to you on level 9 of the Dungeon)
  9683 | D:9      | Received a gift from Okawaru
 10047 | D:10     | Entered Level 10 of the Dungeon
 10538 | D:10     | Found a staircase to the Lair.
 11183 | D:11     | You fall into a shaft and drop 2 floors!
 11185 | D:13     | Noticed a centaur warrior
 11186 | D:13     | Noticed a purple ugly thing
 11191 | D:13     | Found a gate to the Vaults.
 11191 | D:13     | Noticed a two-headed ogre
 11191 | D:13     | Noticed Urug
 11202 | D:13     | Killed a centaur warrior
 11214 | D:13     | Killed a purple ugly thing
 11229 | D:13     | Reached XP level 12. HP: 81/110 MP: 11/16
 11238 | D:13     | Killed a two-headed ogre
 11238 | D:13     | Killed Urug
 11239 | D:13     | Reached skill level 15 in Axes
 11403 | D:12     | Noticed a two-headed ogre
 11409 | D:12     | Killed a two-headed ogre
 11410 | D:12     | Reached skill level 5 in Dodging
 11496 | D:12     | Identified the +9 war axe of Okawaru, Teaching {holy, Str+3
                  | Dex+2} (Okawaru gifted it to you on level 12 of the
                  | Dungeon)
 11496 | D:12     | Received a gift from Okawaru
 11701 | D:11     | Noticed Fannar
 11712 | D:11     | Killed Fannar
 12027 | D:11     | Noticed Psyche
 12033 | D:11     | Killed Psyche
 12207 | Lair:1   | Entered Level 1 of the Lair of Beasts
 12309 | Lair:1   | Noticed a four-headed hydra
 12315 | Lair:1   | Killed a one-headed hydra
 12363 | Lair:1   | Noticed a five-headed hydra
 12368 | Lair:1   | Identified the +2 pair of gloves of the Kettle-Drum {Fly
                  | rElec Str+3 Int-4} (Okawaru gifted it to you on level 1 of
                  | the Lair of Beasts)
 12368 | Lair:1   | Received a gift from Okawaru
 12369 | Lair:1   | Killed a two-headed hydra
 13543 | Lair:2   | Reached XP level 13. HP: 105/119 MP: 18/18
 14014 | Lair:2   | Identified the +4 bardiche of Doqelesch {vorpal, rElec
                  | rPois Int+4} (Okawaru gifted it to you on level 2 of the
                  | Lair of Beasts)
 14014 | Lair:2   | Received a gift from Okawaru
 14180 | Lair:2   | Found a hole to the Spider Nest.
 15107 | Lair:3   | Found a staircase to the Shoals.
 15272 | Lair:3   | Reached ****** piety under Okawaru
 15369 | Lair:3   | Received a gift from Okawaru
 16537 | Lair:4   | Found a runed translucent door.
 17020 | Lair:4   | Reached XP level 14. HP: 115/129 MP: 20/20
 17107 | Lair:5   | Entered Level 5 of the Lair of Beasts
 17115 | Lair:5   | Received a gift from Okawaru
 17115 | Lair:5   | Found the +8 frozen axe "Frostbite" {freezing cloud, *Noise
                  | Fly rC+}
 17377 | Lair:5   | Reached skill level 10 in Invocations
 17433 | Lair:5   | Found a staircase to the Slime Pits.
 18191 | Lair:5   | Received a gift from Okawaru
 18235 | Lair:5   | Identified the ring of Unkom {rN+ AC+4 Dex+5 Stlth-}
 18488 | Lair:5   | Found a corrupted altar of Lugonu.
 18488 | Lair:5   | Found a one-way gate to the infinite horrors of the Abyss.
 18907 | Lair:5   | Identified a scroll of acquirement
 18907 | Lair:5   | Acquired the +9 broad axe "Viydenku" {drain, Str+3}
 19132 | D:12     | Reached skill level 10 in Dodging
 19292 | D:12     | Found a staircase to the Orcish Mines.
 19863 | D:13     | Reached skill level 5 in Shields
 20033 | D:13     | Reached XP level 15. HP: 127/139 MP: 22/22
 20668 | D:14     | Reached skill level 15 in Fighting
 20668 | D:14     | Identified the +3 ring mail "Jiegyo" {+Blink rF+ rCorr
                  | Dex-3} (Okawaru gifted it to you on level 14 of the
                  | Dungeon)
 20668 | D:14     | Received a gift from Okawaru
 20669 | D:14     | Reached skill level 15 in Armour
 20954 | D:15     | Entered Level 15 of the Dungeon
 21102 | D:15     | Found a staircase to the Depths.
 21360 | D:15     | Noticed Agnes
 21371 | D:15     | Killed Agnes
 21890 | Orc:1    | Entered Level 1 of the Orcish Mines
 21909 | Orc:1    | Found a dark tunnel.
 21918 | Volcano  | Entered a volcano
 22520 | Orc:2    | Entered Level 2 of the Orcish Mines
 22520 | Orc:2    | Found Xiqocwar's Vocational Training.
 22660 | Orc:2    | Found a staircase to the Elven Halls.
 22758 | Orc:2    | Found Huxticas's General Store.
 22759 | Orc:2    | Found Pogeipla's General Store.
 23337 | Orc:2    | Received a gift from Okawaru
 23688 | Orc:2    | Reached XP level 16. HP: 141/151 MP: 23/23
 23718 | Orc:2    | Found Esokhluda's Jewellery Boutique.
 23718 | Orc:2    | Found Kymykat's Antique Weapon Shop.
 23719 | Orc:2    | Found a one-way gate leading to the halls of Pandemonium.
 23864 | D:8      | Bought a +4 plate armour of fire resistance for 550 gold
                  | pieces
 23999 | Spider:1 | Entered Level 1 of the Spider Nest
 24062 | Spider:1 | Noticed Josephine
 24070 | Spider:1 | Received a gift from Okawaru
 24083 | Spider:1 | Killed Josephine
 24207 | Spider:1 | Noticed Donald
 24229 | Spider:1 | Killed Donald
 24602 | Spider:2 | Reached skill level 10 in Shields
 25055 | Spider:4 | Entered Level 4 of the Spider Nest
 25097 | Spider:4 | Identified the +3 scale mail of the Wary Nights {*Corrode
                  | +Blink rPois Int+6} (Okawaru gifted it to you on level 4 of
                  | the Spider Nest)
 25097 | Spider:4 | Received a gift from Okawaru
 25820 | Spider:4 | Reached XP level 17. HP: 139/162 MP: 22/24
 26075 | Spider:4 | Identified the +0 ring mail "Aroemoyh" {rN+ rCorr Dex-3}
                  | (Okawaru gifted it to you on level 4 of the Spider Nest)
 26075 | Spider:4 | Received a gift from Okawaru
 26269 | Spider:4 | Got a gossamer rune of Zot
 26451 | Shoals:1 | Entered Level 1 of the Shoals
 27013 | Shoals:2 | Noticed Kirke
 27053 | Shoals:2 | Killed Kirke
 27094 | Shoals:2 | Noticed Polyphemus
 27110 | Shoals:2 | Killed Polyphemus
 27492 | Shoals:3 | Noticed Mlioglotl
 27507 | Shoals:3 | Noticed a bone dragon
 27508 | Shoals:3 | Killed Mlioglotl
 27612 | Shoals:4 | Entered Level 4 of the Shoals
 27757 | Shoals:4 | Received a gift from Okawaru
 27784 | Shoals:4 | Noticed Nikola
 27805 | Shoals:4 | Killed Nikola
 27982 | Shoals:4 | Identified the +9 short sword "Beimm" {protect, Drain rPois
                  | rC+++ Dex+6}
 28004 | Shoals:4 | Reached skill level 15 in Dodging
 28627 | Shoals:4 | Got a barnacled rune of Zot
 28637 | Abyss:4  | Cast into level 4 of the Abyss (unwielding a weapon of
                  | distortion)
 28660 | Abyss:4  | Reached XP level 18. HP: 174/174 MP: 25/25
 28673 | Abyss:4  | Paralysed by accursed screaming for 2 turns
 28674 | Abyss:4  | Lost intelligence.
 28677 | Abyss:4  | HP: 2/139 [starcursed mass/accursed screaming (13)]
 28679 | Abyss:4  | Killed from afar by a starcursed mass

Illustrated notes

Levels and vault maps discovered:
D:1:      saegor_arrival_simple_e, layout_rooms,
          shapermc_ecumenical_altar_mp_vishouse, minmay_tetromino_t2
D:2:      layout_loops_corners
D:3:      layout_basic, uniq_crazy_yiuf_cottage
D:4:      layout_basic, mainiacjoe_overflow_boulevard,
          minmay_temple_entry_proselytizer, minmay_misc_feat_rows,
          kennysheep_diamond, uniq_edmund
D:5:      layout_basic, gammafunk_ghost_grave, uniq_grinder, uniq_pikel
D:6:      layout_gridville
D:7:      layout_cave_pools, mainiacjoe_overflow_large_starburst,
          mainiacjoe_overflow_tiny_flanked, enter_bailey_2,
          serial_bayou_lagoon_b, uniq_duvessa, uniq_prince_ribbit1
D:8:      layout_loops_ring, mainiacjoe_overflow_paths, serial_shops,
          shop_fountains, nicolae_stop_n_shop_1, nicolae_take_the_stairs
D:9:      layout_small_grid, serial_shops, nicolae_shop_waterfront, uniq_maggie
D:10:     layout_basic, lair_entry_dummy, serial_undead, serial_undead_f,
          serial_undead_a, serial_undead_d, serial_undead_e
D:11:     layout_small_grid, uniq_psyche, uniq_fannar, uniq_erolcha
D:12:     layout_cave_pools, orc_0_dummy
D:13:     layout_stronghold, david_vaults_3
D:14:     layout_roguey
D:15:     gammafunk_depths_entry_grave, layout_basic, roderic_roman_lattice,
          uniq_agnes
Temple:   minmay_temple_bridge_d
Lair:1:   layout_roguey, grunt_megastairs_5, infiniplex_staircase_pool
Lair:2:   layout_roguey [special_room_bee], nicolae_spider_entry_tight_spaces,
          beast_lair_carwin_7
Lair:3:   layout_misc_corridors, shoals_dummy_entry, roderic_batcave
Lair:4:   layout_regular_city, pf_torpor_hydra, lemuel_fruit_fields,
          lemuel_fruit_tree
Lair:5:   hellmonk_lair_end_abyssal_woods, layout_regular_city, slime_entry_1,
          minmay_hedge_maze
Shoals:1: layout_shoals
Shoals:2: layout_shoals, portal_ice_cave_entry_ice_statue_one,
          nicolae_splish_splash, uniq_ilsuiw, uniq_polyphemus, uniq_kirke
Shoals:3: cheibrodos_shoals_satyrical_garden, layout_shoals, uniq_mlioglotl
Shoals:4: shoals_end_simple, layout_shoals, shoals_ilsuiw_ice, uniq_nikola
Spider:1: layout_spider_delve, nicolae_spider_bzzzt, uniq_josephine, uniq_donald
Spider:2: layout_spider_delve
Spider:3: nicolae_spider_hilbert_zone_1 [nicolae_spider_hilbert_4_sides_1_open,
          nicolae_spider_hilbert_4_sides_1_open,
          nicolae_spider_hilbert_4_sides_1_open,
          nicolae_spider_hilbert_4_sides_1_open,
          nicolae_spider_hilbert_3_sides_1_open,
          nicolae_spider_hilbert_3_sides_1_open,
          nicolae_spider_hilbert_3_sides_1_open,
          nicolae_spider_hilbert_3_sides_1_open,
          nicolae_spider_hilbert_3_sides_1_open,
          nicolae_spider_hilbert_6_sides_1_open,
          nicolae_spider_hilbert_6_sides_1_open,
          nicolae_spider_hilbert_3_sides_1_open,
          nicolae_spider_hilbert_3_sides_1_open,
          nicolae_spider_hilbert_3_sides_1_open,
          nicolae_spider_hilbert_3_sides_1_open,
          nicolae_spider_hilbert_2_sides_1_open], special_room, uniq_jorgrun
Spider:4: guppyfry_spider_rune
Orc:1:    layout_caves, nicolae_volcano_entry_lava_flow
Orc:2:    pf_orc_diabolical, layout_caves, nicolae_shop_vocational
Abyss:4:  base: D:14, nicolae_abyss_rune_star_stuff

Skill      XL: |  1  2  3  4  5  6  7  8  9 10 11 12 13 14 15 16 17 |
---------------+----------------------------------------------------+-----
Axes           | 3 4 6 7 8 10 12 13 14 16 17 18 | 18.0
Fighting       | 4 5 6 7 9 10 11 12 13 14 16 17 18 | 18.8
Armour         | 4 5 6 7 9 10 11 12 13 14 16 17 18 | 18.8
Invocations    | 2 4 6 7 8 9 11 | 11.0
Dodging        | 1 4 6 8 10 12 13 15 | 15.2
Shields        | 5 8 11 13 | 13.4

Action                   |  1- 3 |  4- 6 |  7- 9 | 10-12 | 13-15 | 16-18 || total
-------------------------+-------+-------+-------+-------+-------+-------++-------
Melee: War axe           |    53 |    83 |   151 |    27 |       |       ||   314
       Headbutt          |     7 |     9 |    21 |    80 |   212 |   188 ||   517
       Broad axe         |       |       |    14 |   412 |   741 |   719 ||  1886
       Executioner's axe |       |       |       |       |   146 |       ||   146
Invok: Heroism           |       |       |       |    15 |    15 |    21 ||    51
       Finesse           |       |       |       |     2 |     1 |     9 ||    12
Evoke: Wand              |       |       |     1 |     1 |       |     2 ||     4
       Condenser vane    |       |       |       |       |       |     1 ||     1
  Use: Potion            |       |     1 |     8 |     2 |       |       ||    11
       Scroll            |       |    12 |     2 |     4 |    10 |       ||    28
 Stab: Petrified         |       |       |       |       |       |     3 ||     3
       Petrifying        |       |       |       |       |       |     2 ||     2
Armor: Scale mail        |     8 |       |       |   151 |   280 |       ||   439
       Plate armour      |     7 |    50 |    96 |    44 |       |   387 ||   584
       Skin              |       |       |    13 |    19 |       |       ||    32
Dodge: Dodged            |    24 |    17 |    63 |   165 |   497 |   419 ||  1185
Block: Buckler           |    10 |    14 |    43 |   110 |   231 |   302 ||   710
